Scag, lawful female dwarven Valkyrie -- -.-- ...--- ..... ..... --- ....- ----.-- -....| |.)...| ..... --....-- | .... --.....| -. --... |......-- ... - -- |...- ---.......| ...---. --.. ---|...|....-- ^ ..... --..---..|.--|.....| .... |..........| -----.| .s--.----..---- .. -@G.|--...| -- -.--|.....| ...| |..---- ----- ---- Scag the Skirmisher Experience level: 4 Strength: 18 Dexterity: 10 Constitution: 20 Intelligence: 8 Wisdom: 10 Charisma: 11 Health: 0(50) Energy: 9(9) Def: 4 Gold: 86 Moves: 1955 Dungeon seed: ukO6J_2vmKF_JrF- Game ID: Scag_1584753457 Your Inventory: Coins $ - 86 gold pieces Weapons a - a blessed +1 long sword (weapon in hand) b - a +0 dagger f - a +0 long sword k - a +0 dwarvish spear Armor e - an uncursed +3 small shield (being worn) Comestibles c - 2 uncursed food rations Scrolls s - an uncursed scroll of amnesia Spellbooks o - an uncursed spellbook of create familiar Potions l - an uncursed potion of monster detection p - a cursed potion of paralysis Tools m - an expensive camera (0:47) Gems n - an uncursed worthless piece of red glass q - an uncursed worthless piece of white glass r - an uncursed worthless piece of green glass y - an uncursed worthless piece of yellowish brown glass Spells and supernatural/magical abilities: Name Level Category Fail Memory W - pray for help -- divine ? -- Your skills at the end: Fighting Skills Weapon Skills dagger [Basic] long sword [Basic] Spellcasting Skills Final Attributes: You were piously aligned. You were cold resistant. You had infravision. You were stealthy. You are dead. Vanquished creatures: a kitten 2 rothes a werejackal 4 coyotes a gas spore 2 cave spiders 2 red molds a gnome 3 garter snakes 3 jackals a sewer rat 8 grid bugs a bat 4 lichens a kobold zombie 8 newts 43 creatures vanquished. Voluntary challenges: You used a wielded weapon 33 times, starting on turn 31. You were illiterate. You never genocided any monsters. You never polymorphed an object. You never changed form. You used no wishes. You never split a pudding. You never wrote Elbereth's name. You never violated your personal moral code. Dungeon overview: The Dungeons of Doom: levels 1 to 2 Level 1 (lawful altar) an altar to Tyr a long staircase Level 2 a fountain stairs to The Gnomish Mines The Gnomish Mines: levels 3 to 8 Level 3 stairs to The Dungeons of Doom Level 4 Level 5 Level 8 <- You were here History has recorded: On T:1 you entered the Dungeons of Doom to retrieve the Amulet of Yendor! On T:717 you advanced to experience level 2. On T:733 you reached level 2 of The Dungeons of Doom. On T:1174 you reached level 1 of The Gnomish Mines. On T:1290 you advanced to experience level 3. On T:1558 you reached level 2 of The Gnomish Mines. On T:1709 you reached level 3 of The Gnomish Mines. On T:1906 you reached level 6 of The Gnomish Mines. On T:1945 you advanced to experience level 4. Score breakdown: Gold: 86 ( 6597 points) Experience: 4 levels ( 9649 points) Exploration: 8 levels ( 15.38%) (11114 points) Discoveries: 2 items ( 0.81%) ( 2705 points) Valuables value: (no points given unless you survive) Artifact value: 0 ( 0 points) Variety of kills: 16 monsters ( 4.20%) ( 6147 points) Turncount: 1955 turns ( 0 points) Survival: died (score multiplied by 80%) Total score: 28969 Latest messages: The rothe hits! The rothe bites! (2x) You hit the rothe! The rothe hits! The rothe bites! (2x) You miss the rothe. You kill the rothe! (2x) Welcome to experience level 4. The giant spider bites! The giant spider's bite was poisoned! You miss the giant spider. The giant spider bites! You begin praying to Tyr. You are surrounded by a shimmering light. The giant spider starts to attack you, but pulls back. (4x) You feel that Tyr is well-pleased. You miss the giant spider. The giant spider bites! (2x) You miss the giant spider. The giant spider bites! You die... Final status: Farvel Scag the Valkyrie, killed by a giant spider... You died in The Gnomish Mines on dungeon level 8 with 28969 points, and 86 pieces of gold, after 1955 moves. You were level 4 with a maximum of 50 hit points when you died.